 BcadrenCrawl: Boulder Brew version 0.04.2-10-g17648f679b (webtiles) character file.

Game seed: 13496257932118172083, levelgen mode: deterministic

2134 gruber the Spawn of Chaos (level 9, -10/66 HPs) Gnoll Demonspawn. Began on May 2, 2021. Was an Initiate of Makhleb. Mangled by Gastronok (27 damage) ... on level 4 of the Dungeon. The game lasted 00:06:49 (3912 turns).

gruber the Spawn of Chaos (Gnoll Demonspawn)        Turns: 3912, Time: 00:06:49

Health: -10/66     AC:  6    Str: 16    XL:     9 ^: 1599
Magic:  16/16      EV: 18    Int: 18    God:    Makhleb [0* [15]]
Gold:   211        SH:  0    Dex: 20    Spells: 16/17 levels left

rFire    . . .     Vision   .   t - +4 short sword
rCold    . . .     Gourm    .   r - +1 short sword (speed)
rNeg     . . .     Faith    .   j - +0 troll leather {Purgy}
rPois    .         Spirit   .   (helmet restricted)
rElec    .         Reflect  .   (no cloak)
rCorr    .         Harm     .   (no gloves)
MR       .....                  (no boots)
Stlth    ++++......             (no amulet)
HPRegen  0.72/turn              n - ring of dexterity
MPRegen  0.26/turn              (no ring)

@: slowed, very slow
A: distributed training, fangs 1, horns 1, molten scales 1, nightstalker 1,
powered by pain 2, strong nose
a: Renounce Religion


You were on level 4 of the Dungeon.
You worshipped Makhleb.
Makhleb was noncommittal.
You were hungry.

You visited 2 branches of the dungeon, and saw 5 of its levels.

You collected 211 gold pieces.

Inventory:

Weapons
 a - a +0 long sword
 o - a +2 longbow of velocity
 r - a +1 short sword of speed (weapon)
 t - a +4 short sword (weapon)
Armour
 j - a +0 troll leather (worn) {Purgy}
Jewellery
 n - a ring of dexterity (left hand)
 u - a cursed amulet of magic regeneration {(Curse: Str-5)}
Wands
 p - a wand of polymorph (31)
Scrolls
 b - a scroll of fog
 e - 2 scrolls of enchantment
 i - 4 scrolls of magic mapping
 k - a scroll of summoning
 l - 5 scrolls of teleportation
 q - 2 scrolls of blinking
Potions
 c - a potion of ambrosia
 f - a potion of cancellation
 g - a potion of brilliance
 h - 2 potions of agility
 m - 3 potions of heal wounds
 s - 2 potions of curing
Comestibles
 d - 10 rations
 v - 5 chunks of flesh


   Skills:
 + Level 4.6 Fighting
 + Level 3.7 Short Blades
 + Level 6.0 Long Blades
 + Level 3.7 Axes & Hammers
 + Level 3.7 Whips & Flails
 + Level 3.7 Polearms
 + Level 3.7 Maces & Staves
 + Level 3.7 Slings
 + Level 3.7 Bows
 + Level 3.7 Crossbows
   Level 0.0 Throwing
 + Level 3.7 Armour
 + Level 7.6 Dodging
 + Level 5.7 Stealth
 + Level 3.7 Shields
 + Level 3.7 Unarmed Combat
 + Level 4.7 Spellcasting
 + Level 3.0 Hexes
 + Level 3.0 Charms
 + Level 3.0 Summonings
 + Level 3.0 Necromancy
 + Level 3.0 Translocations
 + Level 3.0 Transmutations
 + Level 4.9 Fire Magic
 + Level 3.0 Ice Magic
 + Level 3.0 Air Magic
 + Level 3.0 Earth Magic
 + Level 3.0 Poison Magic
 + Level 9.0 Invocations
 + Level 3.7 Evocations


You had 16 spell levels left.
You knew the following spells:

 Your Spells              Type           Power        Failure   Level  Hunger
a - Flame Tongue          Fire           22 (30)      1%          1    None

Your spell library contained the following spells:

 Spells                   Type           Power        Failure   Level  Hunger
 Conjure Flame            Fire           22 (100)     5%          3    ###....
 Blink                    Tloc           N/A          6%          2    #......
 Call Imp                 Summ           15 (100)     6%          2    #......
 Slow                     Hex            15 (100)     6%          2    #......
 Mephitic Cloud           Pois/Air       15 (100)     12%         3    ###....


Dungeon Overview and Level Annotations

Branches:
Dungeon (4/8)              Temple (1/1) D:4

Altars:
Cheibriados
Dithmenos
Elyvilon
Fedhas Madash
Gozag Ym Sagoz
Hepliaklqana
Kikubaaqudgha
Makhleb
Trog
Uskayaw
Vehumet
Wu Jian
Xom
Yredelemnul
Zin
The Shining One

Annotations:
D:4 Gastronok, Maurice


Innate Abilities, Weirdness & Mutations

Your experience applies equally to all skills.
You have very sharp teeth.
You have a pair of small horns on your head.
You are partially covered in molten scales. (AC +2)
You are slightly more attuned to the shadows.
You sometimes gain power by taking damage.
Your uncanny sense of smell can sniff out nearby items.


Message History

You hit Gastronok (2). You hit Gastronok (5). You headbutt Gastronok (5).
You bite Gastronok, but do no damage.
Gastronok is severely wounded. (33/154) HP The bat closely misses you (0). x2; The bat barely misses you (0).
You puncture Gastronok (7)! You hit Gastronok (3).
You bite Gastronok, but do no damage.
Gastronok is almost dead. (23/154) HP The bat misses you (0). x2; The bat completely misses you (0).
The bullfrog swells and bulges.
The bat barely misses you (0). Gastronok bites you (2).
* * * LOW HITPOINT WARNING * * *
The bat closely misses you (0).
Unknown command.
Unknown command.
You puncture Gastronok (10)! You hit Gastronok (3).
Gastronok is almost dead. (11/154) HP The bat hits you (1).
* * * LOW HITPOINT WARNING * * *
The bat hits you but does no damage. x2; Gastronok bites you (27)!!
You die...

#.## #.## ∆ #.## ###
.######## ... ....#
#h# #...# #F# #...# ##
#w# #...# ## #@#
#...#### #b# #......'
#.# #...####
.#######.#########...#
##
.....................#
##
#.#####.#####.#####.##
#.# #.# #.# #.# #.#
#.# # #.# #.# #.# #


You could see Gastronok, a bullfrog, a hound and a bat.

Vanquished Creatures
  Menkaure (D:2)
  A slime creature (D:2)
  Purgy (D:2)
  2 orc warriors
  A scorpion (D:3)
  An ice beast (D:4)
  An ogre (D:3)
  2 big kobolds (D:2)
  4 bullfrogs
  5 wights (D:4)
  A hornet zombie (D:4)
  3 jellies
  2 hounds
  4 worker ants
  An iguana (D:4)
  2 orc wizards (D:4)
  A wyvern skeleton (D:4)
  3 giant cockroaches (D:1)
  A bullfrog zombie (D:4)
  2 bullfrog skeletons (D:4)
  2 adders
  7 sewer rats (D:2)
  A white imp (D:4)
  7 cinder newts
  A worm (D:1)
  An ooze (D:1)
  4 dart slugs
  18 orcs
  An adder skeleton (D:2)
  4 ball pythons
  A bat (D:1)
  3 goblins (D:1)
  7 hobgoblins (D:1)
  5 jackals
  2 quokkas (D:3)
  14 kobolds
  A quokka skeleton (D:3)
  8 rats
  4 withered plants (D:2)
130 creatures vanquished.

Vanquished Creatures (others)
  3 plants (D:4)
  4 toadstools (D:1)
  70 withered plants (D:2)
77 creatures vanquished.

Grand Total: 207 creatures vanquished

Notes
Turn   | Place    | Note
-------+----------+-------------------------------------------
     0 | D:1      | gruber the Gnoll Demonspawn began the quest for the Orb.
     0 | D:1      | Reached XP level 1. HP: 17/17 MP: 4/4
    35 | D:1      | Gained mutation: You sometimes gain a little power by
                  | taking damage. [demonic ancestry]
    35 | D:1      | Reached XP level 2. HP: 23/23 MP: 6/6
    77 | D:1      | Gained mutation: You are partially covered in molten
                  | scales. (AC +2) [demonic ancestry]
    77 | D:1      | Reached XP level 3. HP: 28/28 MP: 7/7
   489 | D:1      | Gained mutation: You are slightly more attuned to the
                  | shadows. [demonic ancestry]
   489 | D:1      | Reached XP level 4. HP: 34/34 MP: 9/9
   589 | D:1      | Reached skill level 1 in Short Blades
   589 | D:1      | Reached skill level 1 in Axes & Hammers
   589 | D:1      | Reached skill level 1 in Whips & Flails
   589 | D:1      | Reached skill level 1 in Polearms
   589 | D:1      | Reached skill level 1 in Maces & Staves
   589 | D:1      | Reached skill level 1 in Slings
   589 | D:1      | Reached skill level 1 in Bows
   589 | D:1      | Reached skill level 1 in Crossbows
   589 | D:1      | Reached skill level 1 in Armour
   589 | D:1      | Reached skill level 1 in Shields
   589 | D:1      | Reached skill level 1 in Unarmed Combat
   589 | D:1      | Reached skill level 1 in Evocations
  1002 | D:2      | Reached skill level 1 in Hexes
  1002 | D:2      | Reached skill level 1 in Charms
  1002 | D:2      | Reached skill level 1 in Summonings
  1002 | D:2      | Reached skill level 1 in Necromancy
  1002 | D:2      | Reached skill level 1 in Translocations
  1002 | D:2      | Reached skill level 1 in Transmutations
  1002 | D:2      | Reached skill level 1 in Ice Magic
  1002 | D:2      | Reached skill level 1 in Air Magic
  1002 | D:2      | Reached skill level 1 in Earth Magic
  1002 | D:2      | Reached skill level 1 in Poison Magic
  1002 | D:2      | Reached skill level 7 in Invocations
  1002 | D:2      | Gained mutation: You have a pair of small horns on your
                  | head. [demonic ancestry]
  1002 | D:2      | Reached XP level 5. HP: 32/40 MP: 10/10
  1022 | D:2      | Found a white marble altar of Elyvilon.
  1366 | D:2      | Noticed Menkaure
  1514 | D:2      | Killed Menkaure
  1514 | D:2      | Reached XP level 6. HP: 27/47 MP: 11/11
  1575 | D:2      | Noticed Purgy
  1640 | D:2      | Killed Purgy
  1640 | D:2      | Reached skill level 5 in Long Blades
  1640 | D:2      | Reached XP level 7. HP: 44/52 MP: 12/12
  2372 | D:2      | Identified a scroll of acquirement
  2376 | D:2      | Found a white marble altar of Elyvilon.
  2382 | D:2      | Identified the Collected Works on Lethal Transmutation (You
                  | acquired it on level 2 of the Dungeon)
  2508 | D:3      | Reached skill level 5 in Stealth
  2508 | D:3      | Gained mutation: You sometimes gain power by taking damage.
                  | [demonic ancestry]
  2508 | D:3      | Reached XP level 8. HP: 37/60 MP: 13/13
  2512 | D:3      | Reached skill level 8 in Invocations
  3057 | D:3      | Found a hazy altar of Hepliaklqana.
  3279 | D:4      | Reached XP level 9. HP: 43/66 MP: 15/15
  3317 | D:4      | Noticed Maurice
  3537 | D:4      | Found a staircase to the Ecumenical Temple.
  3612 | Temple   | Entered the Ecumenical Temple
  3727 | D:4      | Found a burning altar of Makhleb.
  3733 | D:4      | Reached skill level 9 in Invocations
  3763 | D:4      | Became a worshipper of Makhleb the Destroyer
  3894 | D:4      | Noticed Gastronok
  3912 | D:4      | Mangled by Gastronok

Levels and vault maps discovered:
D:1:      ldierk_walled_garden_2, layout_loops_corners, portal_sewer_entry_e
D:2:      layout_sewer, elyvilon_altar_5, elyvilon_niche, first_ration,
          uniq_purgy, uniq_menkaure
D:3:      layout_cave_pools, lemuel_coloured_pillars_altar
D:4:      layout_small_grid, okawaru_altar_gauntlet_db,
          nicolae_overflow_crystal_walls, temple_doors_e, hangedman_ranch
          [blue_anna_fruit_fields], uniq_maurice, uniq_gastronok
Temple:   dshaligram_water_room_temple

Skill      XL: |  1  2  3  4  5  6  7  8  9 |
---------------+----------------------------+-----
Short Blades   | 1 2 3 |  3.7
Axes & Hammers | 1 2 3 |  3.7
Whips & Flails | 1 2 3 |  3.7
Polearms       | 1 2 3 |  3.7
Maces & Staves | 1 2 3 |  3.7
Slings         | 1 2 3 |  3.7
Bows           | 1 2 3 |  3.7
Crossbows      | 1 2 3 |  3.7
Armour         | 1 2 3 |  3.7
Shields        | 1 2 3 |  3.7
Unarmed Combat | 1 2 3 |  3.7
Evocations     | 1 2 3 |  3.7
Spellcasting   | 3 4 |  4.7
Hexes          | 1 2 3 |  3.0
Charms         | 1 2 3 |  3.0
Summonings     | 1 2 3 |  3.0
Necromancy     | 1 2 3 |  3.0
Translocations | 1 2 3 |  3.0
Transmutations | 1 2 3 |  3.0
Ice Magic      | 1 2 3 |  3.0
Air Magic      | 1 2 3 |  3.0
Earth Magic    | 1 2 3 |  3.0
Poison Magic   | 1 2 3 |  3.0
Invocations    | 7 8 9 |  9.0
Fighting       | 3 4 |  4.6
Fire Magic     | 4 |  4.9
Long Blades    | 5 6 |  6.0
Dodging        | 7 |  7.6
Stealth        | 5 |  5.7

Action                   |  1- 3 |  4- 6 |  7- 9 || total
-------------------------+-------+-------+-------++-------
Melee: Long sword        |    34 |    50 |    74 ||   158
       Unarmed           |    11 |    29 |    22 ||    62
       Bite              |       |     2 |    22 ||    24
       Headbutt          |       |     6 |    32 ||    38
       Short sword       |       |       |   122 ||   122
  Use: Scroll            |       |       |     1 ||     1
       Potion            |       |       |     1 ||     1
 Stab: Sleeping          |     7 |     3 |    15 ||    25
       Distracted        |       |       |     1 ||     1
  Eat: Chunk             |       |     1 |     6 ||     7
       Ration            |       |       |     1 ||     1
Armor: Leather armour    |     2 |    10 |       ||    12
       Troll leather     |       |       |    13 ||    13
Dodge: Dodged            |    18 |    46 |   114 ||   178
       Rpst.: Long sword |     3 |    13 |    23 ||    39
